Unix NetHack Version 5.0.0-0 post-release - last build Jul 19 2026 19:10:59 (3aa4ab31751d3886436d94b585a96704892fd477,branch:main).

Game began 2026-05-29 15:19:48, ended 2026-07-19 21:30:02.

Conradmonkey, neutral male gnomish Wizard

                                                                    ------
                                                                    |.([(|
                -------------                                       |.(.(|
                |...........|                                      #-.(@(|
                |...........|                                      #|.(@(|
                .......%....|       ------                         #------
                |......>....| #     |....|                         ##
                |............#######.....-####                      #
                |...........|    #  |....|   #                      #
                -------------       |....|   #-----------           #
                                    +....|   #-.........|           #
                                    ------  ##|.........|       #   #
                                              |..........####---.---#
                                              |.........|   #|.%+<.|#
                                              -----------   #......|#
                                                             |.....|#
                                                             |..^..|#
                                                             |(.....#
                                                             -------

Conradmonkey the Thaumaturge  St:11 Dx:8 Co:16 In:19 Wi:14 Ch:10  Neutral
Dlvl:7  $:0  HP:0(57) Pw:74(88) AC:-1 Xp:8 T:10793  Satiated

Latest messages:
 You see here a bag (for sale, 83 zorkmids).
 You see here a brass lantern (for sale, 16 zorkmids).
 "A brass lantern, price 16 zorkmids, a real bargain."
 You see here a bag (for sale, 83 zorkmids).
 You see here a brass lantern (for sale, 16 zorkmids).
 You owe Kachzi Rellim 107 zorkmids for the use of merchandise.
 But you don't have enough gold.
 What do you want to drop? [$b-np-rv-yA or ?*] j
 You drop a wand of polymorph.
 Kachzi Rellim seems uninterested.
 j - a wand of polymorph.
 What do you want to drop? [$b-np-rv-yA or ?*] v
 You drop a spellbook of confuse monster.
 Kachzi Rellim seems uninterested.
 v - a spellbook of confuse monster.
 What do you want to drop? [$b-np-rv-yA or ?*] h
 You drop a lock pick.
 Kachzi Rellim offers 10 gold pieces for your lock pick.  Sell it? [ynaq] (n) n
 h - a lock pick.
 You see here a bag (for sale, 83 zorkmids).
 You see here a bag (for sale, 533 zorkmids).
 You can't jump very far.
 What do you want to zap? [cjwy or ?*] j
 In what direction? 4
 Kachzi Rellim gets angry!
 Kachzi Rellim is furious!
 You see here a lamp (for sale, 18 zorkmids).
 Kachzi Rellim zaps a wand of striking!
 Boing!
 What do you want to zap? [cjwy or ?*] j
 Nothing happens.
 Kachzi Rellim hits!
 Kachzi Rellim hits again!
 You begin bashing monsters with your bare hands.
 You hit Kachzi Rellim.
 Kachzi Rellim hits!
 Kachzi Rellim hits again!
 You see here a whistle (for sale, 24 zorkmids).
 In what direction? 8
 The spell misses Kachzi Rellim.
 Kachzi Rellim hits!
 Kachzi Rellim hits again!
 Kachzi Rellim hits!
 You die...
 Kachzi Rellim takes all your possessions.
 Do you want to see what you had when you died? [ynq] (y) y
 Do you want to see your attributes? [ynq] (y) y
 Do you want an account of creatures vanquished? [ynaq] (y) y
 Do you want to see your conduct and achievements? [ynq] (y) y
 Do you want to see the dungeon overview? [ynq] (y) y

Inventory:
 Armor    ('[')
  r - an uncursed +2 orcish helm (being worn)
  q - an uncursed +0 pair of iron shoes (being worn)
  b - a blessed +2 cloak of magic resistance (being worn)
  x - an uncursed +0 studded leather armor (being worn)
 Comestibles  ('%')
  g - 3 uncursed food rations
  f - 2 uncursed lichen corpses
 Scrolls  ('?')
  i - 2 uncursed scrolls of confuse monster
  n - an uncursed scroll of confuse monster
 Spellbooks  ('+')
  v - an uncursed spellbook of confuse monster
  k - a blessed spellbook of force bolt
  l - an uncursed spellbook of protection
 Rings    ('=')
  A - an uncursed -1 ring of increase accuracy
  d - an uncursed ring of searching (on left hand)
  e - an uncursed ring of slow digestion (on right hand)
  p - an uncursed ring of teleport control
 Wands    ('/')
  w - a wand of magic missile (0:6)
  j - a wand of polymorph (0:0)
  y - a wand of probing (0:4)
  c - a blessed wand of undead turning (0:6)
 Tools    ('(')
  h - an uncursed lock pick
  m - a magic marker (0:20)

Conradmonkey the Wizard's attributes:

Background:
 You were a Thaumaturge, a level 8 male gnomish Wizard.
 You were neutral, nominally on a mission for Thoth
 who was opposed by Ptah (lawful) and Anhur (chaotic).
 You were right-handed.
 You were in the Dungeons of Doom, on level 7.
 You entered the dungeon 10793 turns ago.
 You had 1725 experience points, 835 more were needed to attain level 9.

Basics:
 You had 0 out of 57 hit points.
 You had 74 out of 88 energy points (spell power).
 Your armor class was -1.
 Your wallet was empty.
 Autopickup was off.

Final Characteristics:
 Your strength was 11 (limit:18/50).
 Your dexterity was 8 (peak:15, limit:18).
 Your constitution was 16 (limit:18).
 Your intelligence was 19 (limit:19).
 Your wisdom was 14 (limit:18).
 Your charisma was 10 (limit:18).

Final Status:
 You were satiated.
 You were unencumbered.
 You were bare handed.
 You were unskilled in bare handed combat.

Final Attributes:
 You were piously aligned.
 You were magic-protected.
 You had automatic searching.
 You had infravision.
 You had slower digestion.
 You were warded.
 You were very fast.
 You are dead.

Miscellaneous:
 You didn't encounter any bones levels.
 Total elapsed playing time was 2 hours, 43 minutes and 19 seconds.

Major events:
 Turn
    1: Conradmonkey the neutral male gnomish Wizard entered the dungeon
 1131: attained the rank of Conjurer (level 3)
 6523: attained the rank of Thaumaturge (level 6)
 8898: killed the Oracle
10793: killed by Mr. Kachzi Rellim; the shopkeeper

Spells:
 Name                 Level Category     Fail Retention
 force bolt             1   attack         3%   46%-50%
 protection             1   clerical       3%   26%-50%
 confuse monster        1   enchantment    3%   71%-80%

Skills:
 Fighting Skills
   bare handed combat [Unskilled]
   riding             [Unskilled]
 Weapon Skills
   dagger             [Unskilled]
   knife              [Unskilled]
   axe                [Unskilled]
   short sword        [Unskilled]
   club               [Unskilled]
   mace               [Unskilled]
   quarterstaff       [Skilled]
   polearms           [Unskilled]
   spear              [Unskilled]
   trident            [Unskilled]
   sling              [Unskilled]
   dart               [Unskilled]
   shuriken           [Unskilled]
 Spellcasting Skills
   attack spells      [Skilled]
   healing spells     [Unskilled]
   divination spells  [Unskilled]
   enchantment spells [Basic]
   clerical spells    [Unskilled]
   escape spells      [Unskilled]
   matter spells      [Unskilled]

Voluntary challenges:
 Character rerolling was not enabled.
 You were an atheist.
 You never genocided any monsters.
 You never changed form.
 You used no wishes.
Achievements:
 You attained the rank of Conjurer.
 You attained the rank of Thaumaturge.
 You entered a shop.

 The Dungeons of Doom: levels 1 to 7
    Level 1:
       A grave.
    Level 2:
       Some fountains, a grave.
    Level 3:
    Level 4:
       An armor shop.
    Level 5:
       Many fountains.
       Oracle of Delphi.
    Level 6:
    Level 7: <- You were here.
       A tool shop.
       Final resting place for
          you, killed by Mr. Kachzi Rellim; the shopkeeper.


Vanquished creatures:
the Oracle
  2 large mimics
  a giant zombie
  3 small mimics
  2 wolves
  2 spotted jellies
  a leprechaun
 an orc-captain
  a dwarf mummy
  a werewolf
  a lizard
  a dingo
  a housecat
  a dwarf leader
  a raven
 an imp
  2 wood nymphs
  2 mountain nymphs
  7 Uruk-hai
  2 rock piercers
  2 ponies
  2 yellow lights
  4 shriekers
  a black naga hatchling
  2 guardian naga hatchlings
  3 gray oozes
  4 elf zombies
  2 straw golems
  3 paper golems
  2 floating eyes
  a kitten
  2 dwarves
  2 kobold leaders
  a rothe
  2 rabid rats
  a giant bat
 an orc zombie
  5 dwarf zombies
  a wererat
  a werejackal
  6 iguanas
  5 killer bees
  7 coyotes
  2 gas spores
  5 hobbits
  6 manes
  a hobgoblin
 10 giant rats
  9 cave spiders
  4 brown molds
  a yellow mold
  2 green molds
  5 red molds
  3 gnomes
  4 garter snakes
  5 gnome zombies
 11 geckos
 10 jackals
  3 foxes
  5 kobolds
  4 goblins
  7 sewer rats
  8 grid bugs
  4 bats
 12 lichens
  5 kobold zombies
 17 newts
237 creatures vanquished.

No species were genocided or became extinct.

Game over:
                       ----------
                      /          \
                     /    REST    \
                    /      IN      \
                   /     PEACE      \
                  /                  \
                  |   Conradmonkey   |
                  |       0 Au       |
                  |  killed by Mr.   |
                  |  Kachzi Rellim;  |
                  |  the shopkeeper  |
                  |                  |
                  |       2026       |
                 *|     *  *  *      | *
        _________)/\\_//(\/(/\)/\//\/|_)_______

Goodbye Conradmonkey the Wizard...

You died in The Dungeons of Doom on dungeon level 7 with 7270 points,
and 0 pieces of gold, after 10793 moves.
You were level 8 with a maximum of 57 hit points when you died.

